Map: Reclamation LE

Players

Ekelpack

  • Race: Zerg Zerg
  • Spawn Location: 11:00

Nyck

  • Race: Terran Terran
  • Spawn Location: 12:00

Frostmourne - Winner!

  • Race: Terran Terran
  • Spawn Location: 6:00

Nezis - Winner!

  • Race: Terran Terran
  • League: Master
  • Spawn Location: 5:00

VOD

Have the link to the VOD?

Description

Time

  • Played on: Oct. 2, 2024, 2:56 p.m.
  • Length: 4:21
Show
View Real Time Build Order
Export as new Build Order

Ekelpack Zerg 

Build Orders: Hatch First 

Get SALT Encoding   

  12  0:00  Drone  
  13  0:12  Overlord  
  13  0:18  Drone  
  14  0:30  Drone  
  14  0:31  Drone  
  16  0:50  Hatchery  
  16  0:52  Drone  
  16  0:58  Drone  
  17  1:11  Spawning Pool  
  16  1:13  Extractor  
  16  1:14  Drone  
  16  1:20  Drone  
  16  1:22  Drone  
  18  1:29  Drone  
  19  1:39  Overlord  
  19  1:57  Queen  
  21  2:02  Queen  
  21  2:06  Drone  
  25  2:08  Drone  
  25  2:11  Drone  
  25  2:13  Drone  
  25  2:15  Drone  
  28  2:23  Drone  
  28  2:24  Drone  
  30  2:34  Lair  
  30  2:39  Drone x2  
  32  2:46  Extractor  
  32  2:48  Drone x2  
  32  2:50  Extractor  
  32  2:54  Drone  
  32  2:57  Drone  
  32  3:18  Queen  
  32  3:21  Zergling x10  
  36  3:27  Spine Crawler  
  36  3:31  Zergling x2  
  34  3:41  Spine Crawler  
  31  3:43  Spine Crawler  
Show
View Real Time Build Order
Export as new Build Order

Nyck Terran 

Build Orders:  

Get SALT Encoding   

  12  0:00  SCV  
  13  0:12  SCV  
  14  0:18  Supply Depot  
  14  0:26  SCV  
  15  0:40  SCV  
  16  0:42  Barracks  
  16  0:52  SCV, Refinery  
  17  1:04  SCV  
  18  1:16  SCV  
  19  1:28  SCV  
  20  1:33  Command Center  
  20  1:41  Reaper  
  20  1:46  Orbital Command  
  21  1:54  Refinery  
  21  2:05  Supply Depot  
  21  2:14  Reaper  
  22  2:19  SCV  
  23  2:35  SCV  
  24  2:48  SCV  
  25  2:54  Reaper  
  26  3:00  SCV  
  26  3:26  Reaper  
  26  4:03  Barracks  
  26  4:08  Barracks  
Show
View Real Time Build Order
Export as new Build Order

Frostmourne Terran - Winner!

Build Orders:  

Get SALT Encoding   

  12  0:00  SCV  
  13  0:12  SCV  
  14  0:17  Supply Depot  
  14  0:25  SCV  
  15  0:39  SCV  
  15  0:40  Barracks  
  16  0:44  Refinery  
  16  0:51  SCV  
  16  0:55  Refinery  
  17  1:08  Barracks  
  17  1:20  Barracks  
  17  1:25  SCV  
  18  1:29  Reaper  
  19  1:40  SCV  
  20  1:55  Supply Depot  
  20  1:56  Reaper  
  20  1:59  SCV  
  22  2:01  Reaper  
  23  2:17  Reaper  
  24  2:28  Reaper  
  24  2:29  Orbital Command  
  25  2:33  Reaper  
  26  2:49  Reaper  
  27  3:00  Reaper  
  29  3:05  Reaper  
  29  3:21  Reaper  
  30  3:32  Reaper  
  31  4:05  SCV  
  33  4:13  Command Center  
Show
View Real Time Build Order
Export as new Build Order

Nezis Terran - Winner!

Build Orders: 1/1/1 

Get SALT Encoding   

  12  0:01  SCV  
  13  0:16  Supply Depot  
  13  0:20  SCV  
  14  0:28  Refinery  
  14  0:32  SCV  
  15  0:41  Barracks  
  15  0:45  SCV  
  16  0:56  Refinery  
  16  0:57  SCV  
  17  1:09  SCV  
  18  1:24  SCV  
  19  1:28  Supply Depot  
  19  1:33  Factory  
  19  1:36  SCV  
  20  1:52  Orbital Command  
  20  2:16  Starport  
  20  2:17  Factory Tech Lab  
  20  2:32  Starport  
  20  2:45  Factory Tech Lab  
  17  3:10  Fusion Core  
  17  3:25  SCV  
  18  3:33  Supply Depot  
  18  3:38  SCV  
  19  3:50  SCV  
  20  3:56  Supply Depot  
  20  4:02  SCV  
  27  4:16  Command Center  
Tags
 
Add a new tag
Caveats
  • Supply blocks, unpowered buildings, or Contaminate may cause inaccurate times.
  • Supply counts are checked every 10 seconds.